 Dungeon Crawl Stone Soup version 0.29.0-4-gdea44cf6ec (webtiles) character file.

Game seed: 5537003147251789457

74 qw the Sneak (level 4, 0/28 HPs)
             Began as a Gargoyle Delver on Sept 10, 2022.
             Slain by an orc
             ... wielding a +0 club
              (1 damage)
             ... on level 5 of the Dungeon.
             The game lasted 00:00:07 (576 turns).

qw the Sneak (Gargoyle Delver)                       Turns: 576, Time: 00:00:08

Health: 0/28       AC:  6    Str: 18    XL:     4   Next: 30%
Magic:  4/4        EV: 11    Int: 10    God:
Gold:   24         SH:  0    Dex: 11    Spells: 3/3 levels left

rFire   . . .      SeeInvis .   l - +0 war axe
rCold   . . .      Faith    .   (no shield)
rNeg    + . .      Spirit   .   b - +0 leather armour
rPois   inf        Reflect  .   (no helmet)
rElec   +          Harm     .   (no cloak)
rCorr   .          Rampage  .   (no gloves)
Will    .....                   (no boots)
Stlth   +++.......              (no amulet)
HPRegen 0.09/turn               (no ring)
MPRegen 0.09/turn               (no ring)

@: no status effects
A: sickness immunity, AC +3, negative energy resistance 1, electricity
resistance, torment resistance 1, petrification resistance
a: no special abilities


You were on level 5 of the Dungeon.
You visited 1 branch of the dungeon, and saw 1 of its levels.

You collected 24 gold pieces.


Innate Abilities, Weirdness & Mutations

You are immune to sickness and miasma.
Your stone body is resilient. (AC +3)
You are immune to poison.
You resist negative energy. (rN+)
You are resistant to electric shocks. (rElec)
You are resistant to unholy torment.
You are immune to petrification.


   Skills:
 - Level 3.2 Fighting
 + Level 4.0 Axes
 - Level 1.5 Dodging
 - Level 5.4 Stealth


You had 3 spell levels left.
You didn't know any spells.
Your spell library was empty.

Inventory:

Hand Weapons
 h - a +0 flail
 l - a +0 war axe (weapon)
Armour
 b - a +0 leather armour (worn)
 k - a +0 ring mail
Jewellery
 i - a ring of willpower
Wands
 g - a wand of digging (3)
Scrolls
 c - a scroll of fog
 d - a scroll of magic mapping
 e - a scroll of fear
 j - a scroll of identify {unknown}
 m - a scroll of blinking {unknown}
Potions
 a - 2 potions of magic {unknown}
 f - a potion of haste

Dungeon Overview and Level Annotations

Branches:
Dungeon (5/15)
 Temple: D:4-7

Altars:


Message History

l - a +0 war axe (weapon)
556 ||| DROPPING +0 hand axe.
You drop a +0 hand axe.
a - 2 murky puce potions An orc wizard and 2 orcs come into view.
The orc wizard is wielding a +2 vampiric dagger.
The orc wizard shouts!
You hear a shout!
The orc shouts! x2; You hear a shout!
564 ||| Stepping ~*~*~tactically~*~*~ (hiding).
You start waiting.
An orc is nearby!
You closely miss the orc. The orc hits you but does no damage. x2
You hit the orc.
The orc is almost dead.
The orc hits you with a +0 club.
You hit the orc.
You kill the orc!
You barely miss the orc. The orc closely misses you.
An orc priest comes into view. It is wielding a +0 club.
The orc hits you but does no damage.
The orc priest shouts!
You slash the orc!
You kill the orc!
You closely miss the orc priest.
The orc priest calls down the wrath of Beogh upon you.
Beogh smites you!
You hit the orc priest but do no damage.
The orc priest mumbles some strange prayers to Beogh against you.
You barely resist.
An orc comes into view. It is wielding a +0 club.
The orc priest mumbles some strange prayers to Beogh against you.
Beogh smites you!
Ouch! That really hurt!
You slash the orc priest!
The orc priest is heavily wounded.
You closely miss the orc priest.
The orc priest is heavily wounded.
You hit the orc but do no damage. The orc priest hits you with a +0 club.
The orc hits you with a +0 club.
You die...

#.# #.# ...
#.# ... #.#
#.#
###.####.#
.......#.#
#########
)#####.#.#
#o..o.oo. .#
#...#######o#
.#
#.....)...o@#
.#
#.#######.###
.# #.# #...
.. ..# #####
## ####


You could see an orc priest, an orc wizard and an orc.

Vanquished Creatures
  A scorpion (D:5)
  An adder (D:5)
  2 orcs (D:5)
4 creatures vanquished.

Notes
Turn   | Place    | Note
-------+----------+-------------------------------------------
     0 | D:5      | qw the Gargoyle Delver began the quest for the Orb.
     0 | D:5      | Reached XP level 1. HP: 14/14 MP: 1/1
     0 | D:5      | 0 ||| qw: Version: 0.1-a-116-g5d60599
     0 | D:5      | 0 ||| qw: Game counter: 9055
     0 | D:5      | 0 ||| qw: Always use a shield: true
     0 | D:5      | 0 ||| qw: God list: Okawaru
     0 | D:5      | 0 ||| qw: Allow faded altars: false
     0 | D:5      | 0 ||| qw: Do Orc after D:15 true
     0 | D:5      | 0 ||| qw: Do second Lair branch before Depths: true
     0 | D:5      | 0 ||| qw: Lair rune preference: random
     0 | D:5      | 0 ||| qw: Plans: Normal
     0 | D:5      | 0 ||| PLANNING D:1-11
    46 | D:5      | Noticed a scorpion
    47 | D:5      | 47 ||| Stepping ~*~*~tactically~*~*~ (stealth).
    54 | D:5      | 54 ||| Stepping ~*~*~tactically~*~*~ (stealth).
    62 | D:5      | HP: 2/14 [scorpion (3)]
    64 | D:5      | Killed a scorpion
    65 | D:5      | Reached skill level 3 in Axes
    65 | D:5      | Reached XP level 2. HP: 2/19 MP: 2/2
    65 | D:5      | Reached XP level 3. HP: 2/23 MP: 3/3
    65 | D:5      | Reached XP level 4. HP: 3/28 MP: 4/4
   555 | D:5      | 555 ||| SWAPPING to +0 war axe.
   556 | D:5      | 556 ||| DROPPING +0 hand axe.
   564 | D:5      | 564 ||| Stepping ~*~*~tactically~*~*~ (hiding).
   574 | D:5      | HP: 2/28 [orc priest/divine providence (14)]
   576 | D:5      | Slain by an orc

Levels and vault maps discovered:
D:5:      layout_loops_ring, uniq_ijyb

Skill      XL: |  1  2  3  4 |
---------------+-------------+-----
Axes           | 3 4 |  4.0
Fighting       | |  3.2
Dodging        | |  1.5
Stealth        | |  5.4

Action                   |  1- 3 |  4- 6 || total
-------------------------+-------+-------++-------
Melee: Hand axe          |     9 |     6 ||    15
       Punch             |     1 |       ||     1
       War axe           |       |     9 ||     9
 Stab: Sleeping          |       |     1 ||     1
Armor: Leather armour    |     1 |     4 ||     5
Dodge: Dodged            |     6 |     6 ||    12

Table legend:
 A = Non-vault XP
 B = Vault XP
 C = Vault XP percentage of total XP
 D = Non-vault monster count
 E = Vault monster count
 F = Vault count percentage of total count
                 A         B        C        D         E       F
            +---------+---------+-------+---------+---------+-------
      Total |     107 |       0 |   0.0 |       4 |       0 |   0.0
            +---------+---------+-------+---------+---------+-------
        D:5 |     107 |       0 |   0.0 |       4 |       0 |   0.0
            +---------+---------+-------+---------+---------+-------
